 Dungeon Crawl Stone Soup version 0.18-a0-455-gc7d4c65 (webtiles) character file.

509 Duffy the Slasher (level 7, 35/35 HPs)
             Began as a Vine Stalker Fighter on Dec 1, 2015.
             Quit the game on level 4 of the Dungeon.
             The game lasted 00:03:57 (3701 turns).

Duffy the Slasher (Vine Stalker Fighter)            Turns: 3701, Time: 00:03:57

Health: 35/35      AC: 12    Str: 20    XL:     7   Next: 19%
Magic:  8/8        EV:  5    Int:  8    God:
Gold:   220        SH:  9    Dex: 14    Spells: 0 memorised, 6 levels left

rFire  + . .     SeeInvis .     a - +0 long sword
rCold  . . .     Clarity  .     l - +0 chain mail
rNeg   . . .     SustAt   .     c - +0 shield
rPois  .         Gourm    +     n - +1 helmet
rElec  .         Spirit   +     w - +0 cloak
rCorr  .         Dsmss    .     (no gloves)
rMut   .         Stasis   .     (no boots)
MR     .....                    m - amulet of the gourmand
Stlth  ..........               (no ring)
                                y - ring of protection from fire

@: not resistant to hostile enchantments, extremely unstealthy
A: fangs 2, regeneration 2, magic shield, antimagic bite, no device heal 3, rot
immunity
a: no special abilities


You were on level 4 of the Dungeon.
You were near starving.

You visited 2 branches of the dungeon, and saw 5 of its levels.

You collected 220 gold pieces.


Innate Abilities, Weirdness & Mutations

You have extremely sharp teeth.
You heal very quickly.
When hurt, damage is shared between your health and your magic reserves.
Your bite disrupts and absorbs the magic of your enemies.
Potions and wands cannot restore your health.
You are immune to rotting.


   Skills:
 - Level 2.6 Fighting
 + Level 6.9 Long Blades
 - Level 2.4 Armour
 - Level 2.6 Shields


You had 6 spell levels left.
You didn't know any spells.

Inventory:

Hand Weapons
 a - a +0 long sword (weapon)
Missiles
 k - 21 poisoned needles
Armour
 b - a +0 scale mail
 c - a +0 shield (worn)
 f - a +0 cloak
 l - a +0 chain mail (worn)
 n - a +1 helmet (worn)
 w - a +0 cloak (worn)
Jewellery
 m - an amulet of the gourmand (around neck)
 y - a ring of protection from fire (left hand)
Wands
 o - a wand of slowing (13)
 v - a wand of confusion (22)
Scrolls
 h - 4 scrolls of teleportation {unknown}
 i - 2 scrolls of identify {unknown}
 q - a scroll of remove curse {unknown}
 s - a scroll of fog {unknown}
 u - a scroll of immolation {unknown}
 x - 2 scrolls of magic mapping {unknown}
Potions
 d - a potion of might
 j - a potion of curing {unknown}
 p - 2 potions of heal wounds
 r - a potion of ambrosia {unknown}
 t - a potion of flight {unknown}
 z - a potion of brilliance {unknown}
 A - a potion of agility {unknown}
Comestibles
 e - 2 bread rations
 g - 2 meat rations
 B - 3 fruits

Dungeon Overview and Level Annotations

Branches:
Dungeon (4/15)             Temple (1/1) D:4

Altars:
Elyvilon
Gozag
Kikubaaqudgha
Okawaru
Qazlal
Sif Muna
Trog
Xom
Zin
The Shining One
Lugonu

Shops:
D:4 [


Message History

The ogre hits you but does no damage.
You hit the ogre but do no damage.
The ogre is heavily wounded.
You block the ogre's attack.
You slash the ogre! You bite the ogre. You drain its power.
You feel invigorated.
The ogre is almost dead.
The ogre hits you with a giant club!
You hit the ogre but do no damage. Your bite misses the ogre.
The ogre is almost dead.
You block the ogre's attack.
You slash the ogre!
You kill the ogre!
No target in view!
No target in view!
No target in view!
No target in view!
No target in view!
No target in view!
No target in view!
No target in view!
No target in view!
No target in view!
No target in view!
No target in view!
No target in view!
Magic restored.
HP restored.
You see here a giant club.
You see here 21 bolts.
There is a stone staircase leading down here.
There is a stone staircase leading down here.
You now have 220 gold pieces (gained 7).
You are near starving!
Are you sure you want to abandon this character and quit the game? (Confirm with "yes".)

#..# #.. ##... ##.
#...# ..###.. #...#
#....#... #...##
#........ #....##
##........
#.#....####......###
#..##..........###
#@.##..........#..
#.####.........#.#
#.# #.........'.#
### #.....###.#.#
#....## ###.. #....#
##### ##....# ##....
##....## #..##.
######......###..###


There were no monsters in sight!

Action                   |  1- 3 |  4- 6 |  7- 9 || total
-------------------------+-------+-------+-------++-------
Melee: Long sword        |   110 |   104 |     7 ||   221
  Eat: Chunk             |     1 |     7 |       ||     8

Notes
Turn   | Place    | Note
--------------------------------------------------------------
     0 | D:1      | Duffy the Vine Stalker Fighter began the quest for the Orb.
     0 | D:1      | Reached XP level 1. HP: 11/11 MP: 2/2
    71 | D:1      | Reached skill level 2 in Long Blades
   252 | D:1      | Reached XP level 2. HP: 16/16 MP: 3/3
   984 | D:2      | Reached skill level 3 in Long Blades
  1021 | D:2      | Reached XP level 3. HP: 19/19 MP: 4/4
  1257 | D:2      | Noticed Robin
  1275 | D:2      | Killed Robin
  1275 | D:2      | Reached XP level 4. HP: 23/23 MP: 5/5
  1496 | D:1      | Reached skill level 4 in Long Blades
  1784 | D:3      | Reached XP level 5. HP: 24/27 MP: 6/6
  2113 | D:3      | Noticed Crazy Yiuf
  2121 | D:3      | Killed Crazy Yiuf
  2121 | D:3      | Reached skill level 5 in Long Blades
  2348 | D:3      | Found a white marble altar of Elyvilon.
  2630 | D:3      | Noticed Sigmund
  2643 | D:3      | Killed Sigmund
  2643 | D:3      | Reached skill level 6 in Long Blades
  2643 | D:3      | Gained mutation: You heal very quickly. [Vine Stalker growth]
  2643 | D:3      | Reached XP level 6. HP: 29/32 MP: 7/7
  2979 | D:4      | Reached XP level 7. HP: 32/35 MP: 6/8
  2986 | D:4      | Found Roasagg's Antique Armour Emporium.
  3231 | D:4      | Found a staircase to the Ecumenical Temple.
  3331 | Temple   | Entered the Ecumenical Temple
  3701 | D:4      | Quit the game

Vault maps used:
D:1:      dpeg_arrival_radiant
D:2:      wad_pebble_path, uniq_robin
D:3:      elyvilon_altar_3, uniq_sigmund, uniq_crazy_yiuf_cottage
D:4:      minmay_temple_entry_glassed_door, serial_shops,
          nicolae_shop_behind_doors
Temple:   corrupted_temple

Vanquished Creatures
  Sigmund
  A centaur
  An ogre Crazy Yiuf
  An orc wizard Robin
  An adder
  4 gnolls
  An ooze
  3 worms
  3 orcs
  2 ball pythons
  4 giant cockroaches
  14 goblins
  10 hobgoblins
  3 kobolds
  A quokka
  10 bats
  A giant gecko
  2 giant newts
  5 jackals
  A jackal skeleton
  5 rats
76 creatures vanquished.
